 Dungeon Sprint DCSS version 0.23-a0-422-g30b1108 (webtiles) character file.

26012 rednecknazgul the Minotaur Blade (level 12, 0/124 HPs)
             Began as a Minotaur Fighter on Nov 15, 2018.
             Was an Initiate of Gozag.
             Slain by an orc knight
             ... wielding a +0 war axe
              (25 damage)
             ... in the Dungeon (Sprint VII: "The Pits").
             The game lasted 00:08:43 (3468 turns).

rednecknazgul the Minotaur Blade (Minotaur Fighter) Turns: 3468, Time: 00:08:43

Health: 0/124      AC: 34    Str: 28    XL:     12   Next: 94%
Magic:  11/11      EV: 15    Int:  5    God:    Gozag
Gold:   4867       SH: 15    Dex: 11    Spells: 11/11 levels left

rFire    . . .     SeeInvis .   a - +4 scimitar (flame)
rCold    . . .     Gourm    .   p - +0 shield {reflect}
rNeg     . . .     Faith    .   y - +12 plate armour of Mezcal {rPois rCorr Stlth-}
rPois    +         Spirit   .   c - +2 hat {MR+}
rElec    .         Reflect  +   (no cloak)
rCorr    +         Harm     .   (no gloves)
MR       +....     NoTele   +   (no boots)
Stlth    ..........             (no amulet)
HPRegen  0.30/turn              b - +3 ring of strength
MPRegen  0.12/turn              q - +3 ring of protection

@: gold aura
A: retaliatory headbutt, horns 2
a: Potion Petition, Call Merchant, Bribe Branch, Renounce Religion


You were in the Dungeon.
You worshipped Gozag.
Gozag was most pleased with you.
You were not hungry.

You visited 1 branch You collected 8706 gold pieces.
You spent 948 gold pieces at shops.
You paid 2891 gold pieces to Gozag.

Inventory:

Hand Weapons
 a - a +4 scimitar of flaming (weapon)
Armour
 c - a +2 hat of magic resistance (worn)
 p - a +0 shield of reflection (worn)
 y - the +12 plate armour of Mezcal (worn) {rPois rCorr Stlth-}
   (You bought it in a shop in the Dungeon)

   It protects you from poison.
   It provides partial protection from all sources of acid and corrosion.
   It makes you less stealthy.
Jewellery
 b - a +3 ring of strength (left hand)
 d - an uncursed ring of protection from fire
 q - a +3 ring of protection (right hand)
Scrolls
 k - 2 scrolls of blinking
 m - 7 scrolls of remove curse
 n - 5 scrolls of amnesia
 o - a scroll of summoning
 s - 3 scrolls of identify
 u - 2 scrolls of enchant weapon
 w - 2 scrolls of enchant armour
 x - a scroll of fog
Potions
 e - 9 potions of curing
 g - 8 potions of heal wounds
 h - a potion of haste
 i - 4 potions of magic
 j - 3 potions of berserk rage
 l - 2 potions of invisibility
 r - a potion of agility
 t - a potion of might
 v - 3 potions of brilliance
 z - a potion of resistance
Comestibles
 f - 7 rations


   Skills:
 + Level 16.4 Fighting
 * Level 21.8 Long Blades
 + Level 16.4 Armour
 + Level 15.0 Dodging
 + Level 16.5 Shields


You had 11 spell levels left.
You didn't know any spells.
Your spell library was empty.

Dungeon Overview and Level Annotations

Branches:
Dungeon (1/1)

Altars:
Ashenzari
Cheibriados
Dithmenos
Elyvilon
Fedhas
Gozag
Hepliaklqana
Kikubaaqudgha
Makhleb
Nemelex Xobeh
Okawaru
Qazlal
Ru
Sif Muna
Trog
Uskayaw
Vehumet
Wu Jian
Xom
Yredelemnul
Zin
The Shining One
Beogh
Jiyva
Lugonu

Shops:
D (([[


Innate Abilities, Weirdness & Mutations

You reflexively headbutt those who attack you in melee.
You have a pair of horns on your head.


Message History

You barely miss the orc knight. You headbutt the orc knight.
The orc knight is moderately wounded.
The orc knight hits you with a +0 war axe!!
* * * LOW HITPOINT WARNING * * *
Unknown command.
You hit the orc knight but do no damage.
You headbutt the orc knight, but do no damage.
The orc knight is moderately wounded.
You block the orc knight's attack.
The orc knight hits you but does no damage.
Unknown command.
You slash the orc knight! You burn the orc knight.
You headbutt the orc knight, but do no damage.
The orc knight is heavily wounded.
Unknown command.
You slash the orc knight! You burn the orc knight.
The orc knight is severely wounded.
The orc knight hits you with a +0 war axe!!
You die...
Your body crumbles into a pile of gold.

$ $
#++##############################
#.....................)..........
#................................
#()##############''##############
#[)# #.$@o....# # #))# #..o.....#
# #..# ####..#### # #).# ..... #
#).# ...... # #..# ......# # #..#
##..#### # ...# ### # ...# #


You could see 2 orc knights.

Vanquished Creatures
  Gastronok (D)
  A nagaraja (D)
  An emperor scorpion (D)
  2 orc warlords (D)
  An apis (D)
  A fire dragon (D)
  A hydra (D)
  A catoblepas (D)
  An ice dragon (D)
  A death yak (D)
  Urug (D)
  4 skeletal warriors (D)
  A deep troll (D)
  A spriggan druid (D)
  A wizard (D)
  A lindwurm (D)
  A phantasmal warrior (D)
  A deep elf mage (D)
  5 orc knights (D)
  A cyclops (D)
  A merfolk siren (D)
  An ugly thing (D)
  A molten gargoyle (D)
  Joseph (D)
  A gargoyle (D)
  2 kobold demonologists (D)
  2 efreet (D)
  2 trolls (D)
  A jumping spider (D)
  A snapping turtle (D)
  A tyrant leech (D)
  A spriggan (D)
  A wraith (D)
  A neqoxec (D)
  3 yaks (D)
  A basilisk (D)
  A warg (D)
  A soldier ant (D)
  2 acid dragons (D)
  2 water moccasins (D)
  A floating eye (D)
  A black bear (D)
  An orc warrior (D)
  2 ice beasts (D)
  5 wolves (D)
  A centaur (D)
  4 big kobolds (D)
  A gnoll sergeant (D)
  A scorpion (D)
  4 killer bees (D)
  4 wights (D)
  2 jellies (D)
  4 orc priests (D)
  A worker ant (D)
  A mummy (D)
  4 gnolls (D)
  A river rat (D)
  An ooze (D)
  An adder zombie (D)
  4 orcs (D)
  A ball python (D)
  2 giant cockroaches (D)
  5 kobolds (D)
  A quokka (D)
  A bat (D)
  2 rats (D)
111 creatures vanquished.

Notes
Turn   | Place    | Note
-------+----------+-------------------------------------------
     0 | D        | rednecknazgul the Minotaur Fighter began the quest for the
                  | Orb.
     0 | D        | Reached XP level 1. HP: 19/19 MP: 0/0
    11 | D        | Reached skill level 3 in Long Blades
    11 | D        | Reached skill level 1 in Dodging
    37 | D        | Found a bloodstained altar of Trog.
    37 | D        | Found a deep blue altar of Sif Muna.
    37 | D        | Found a viscous altar of Jiyva.
    37 | D        | Found a hazy altar of Hepliaklqana.
    37 | D        | Found an opulent altar of Gozag.
    38 | D        | Found a glowing golden altar of the Shining One.
    38 | D        | Found a glowing silver altar of Zin.
    38 | D        | Found a basalt altar of Yredelemnul.
    38 | D        | Found a shimmering altar of Xom.
    38 | D        | Found an ornate altar of the Wu Jian Council.
    38 | D        | Found a sacrificial altar of Ru.
    38 | D        | Found a stormy altar of Qazlal.
    38 | D        | Found an iron altar of Okawaru.
    38 | D        | Found a sparkling altar of Nemelex Xobeh.
    38 | D        | Found a burning altar of Makhleb.
    38 | D        | Found a blossoming altar of Fedhas.
    38 | D        | Found a white marble altar of Elyvilon.
    38 | D        | Found a shadowy altar of Dithmenos.
    38 | D        | Found a snail-covered altar of Cheibriados.
    39 | D        | Found a radiant altar of Vehumet.
    39 | D        | Found a corrupted altar of Lugonu.
    39 | D        | Found a roughly hewn altar of Beogh.
    40 | D        | Found an ancient bone altar of Kikubaaqudgha.
    40 | D        | Found a hide-covered altar of Uskayaw.
    40 | D        | Found a shattered altar of Ashenzari.
    44 | D        | Became a worshipper of Gozag Ym Sagoz the Greedy
    68 | D        | Reached XP level 2. HP: 27/27 MP: 1/1
    82 | D        | Reached skill level 5 in Long Blades
    82 | D        | Reached XP level 3. HP: 27/34 MP: 2/2
    83 | D        | Reached skill level 5 in Shields
    88 | D        | Noticed a floating eye
    97 | D        | Paralysed by a floating eye for 3 turns
   104 | D        | HP: 1/35 [river rat (6)]
   105 | D        | Reached skill level 5 in Fighting
   105 | D        | Reached skill level 5 in Armour
   110 | D        | Killed a floating eye
   110 | D        | Reached skill level 7 in Long Blades
   110 | D        | Reached XP level 4. HP: 2/44 MP: 3/3
   110 | D        | Reached XP level 5. HP: 2/50 MP: 4/4
   470 | D        | Noticed an ice beast
   476 | D        | Reached skill level 8 in Long Blades
   484 | D        | Killed an ice beast
   484 | D        | Reached skill level 9 in Long Blades
   484 | D        | Reached skill level 5 in Dodging
   484 | D        | Reached XP level 6. HP: 55/60 MP: 5/5
   500 | D        | Reached skill level 10 in Long Blades
   541 | D        | Noticed a wraith
   546 | D        | Killed a wraith
   546 | D        | Reached XP level 7. HP: 66/68 MP: 6/6
   557 | D        | Reached skill level 11 in Long Blades
   580 | D        | Noticed Joseph
   595 | D        | Killed Joseph
   595 | D        | Reached skill level 12 in Long Blades
   595 | D        | Reached XP level 8. HP: 27/78 MP: 7/7
   918 | D        | Noticed a merfolk siren
   918 | D        | Noticed Urug
   933 | D        | Killed Urug
   933 | D        | Reached skill level 10 in Fighting
   933 | D        | Reached skill level 13 in Long Blades
   933 | D        | Reached skill level 10 in Armour
   933 | D        | Reached skill level 10 in Shields
   939 | D        | Killed a merfolk siren
   939 | D        | Reached skill level 14 in Long Blades
   939 | D        | Reached XP level 9. HP: 46/86 MP: 8/8
  1118 | D        | Noticed a deep elf mage
  1129 | D        | Killed a deep elf mage
  1134 | D        | Noticed a deep troll
  1148 | D        | Killed a deep troll
  1148 | D        | Reached skill level 15 in Long Blades
  1148 | D        | Reached skill level 10 in Dodging
  1151 | D        | Noticed an emperor scorpion
  1174 | D        | Killed an emperor scorpion
  1174 | D        | Reached XP level 10. HP: 23/97 MP: 9/9
  1467 | D        | Reached skill level 16 in Long Blades
  1495 | D        | Noticed a lindwurm
  1502 | D        | Killed a lindwurm
  1562 | D        | Noticed a skeletal warrior
  1562 | D        | Noticed a skeletal warrior
  1562 | D        | Noticed a skeletal warrior
  1575 | D        | Noticed a cyclops
  1577 | D        | Killed a skeletal warrior
  1578 | D        | Noticed a skeletal warrior
  1591 | D        | Killed a skeletal warrior
  1591 | D        | Reached skill level 17 in Long Blades
  1610 | D        | Killed a skeletal warrior
  1615 | D        | Killed a cyclops
  1615 | D        | Reached XP level 11. HP: 56/107 MP: 10/10
  1631 | D        | Killed a skeletal warrior
  1644 | D        | Noticed a six-headed hydra
  1655 | D        | Killed a one-headed hydra
  1655 | D        | Reached skill level 18 in Long Blades
  1968 | D        | Noticed an ice dragon
  1980 | D        | HP: 2/108 [ice dragon/blast of cold (51)]
  1988 | D        | Killed an ice dragon
  2223 | D        | Noticed a purple ugly thing
  2265 | D        | Killed a purple ugly thing
  2266 | D        | Noticed a sixfirhy
  2267 | D        | Reached skill level 19 in Long Blades
  2411 | D        | Bought a blackened plate armour for 812 gold pieces
  2421 | D        | Identified the +12 plate armour of Mezcal {rPois rCorr
                  | Stlth-} (You bought it in a shop in the Dungeon)
  2424 | D        | Bought a +0 shield of reflection for 136 gold pieces
  2492 | D        | Noticed Gastronok
  2514 | D        | Killed Gastronok
  2534 | D        | Noticed a fire dragon
  2555 | D        | Killed a fire dragon
  2555 | D        | Reached skill level 15 in Fighting
  2555 | D        | Reached skill level 15 in Shields
  2555 | D        | Reached XP level 12. HP: 56/119 MP: 11/11
  2557 | D        | Reached skill level 15 in Armour
  2584 | D        | Reached skill level 20 in Long Blades
  2845 | D        | Noticed an apis
  2863 | D        | Killed an apis
  2877 | D        | Noticed a catoblepas
  2903 | D        | Killed a catoblepas
  3263 | D        | Noticed a nagaraja
  3263 | D        | Noticed an orc warlord
  3264 | D        | Noticed an orc warlord
  3298 | D        | Killed an orc warlord
  3305 | D        | Killed an orc warlord
  3305 | D        | Reached skill level 21 in Long Blades
  3317 | D        | Killed a nagaraja
  3430 | D        | Noticed a death yak
  3440 | D        | Killed a death yak
  3462 | D        | Reached skill level 15 in Dodging
  3468 | D        | Slain by an orc knight

Vault maps used:
D:        pitsprint

Skill      XL: |  1  2  3  4  5  6  7  8  9 10 11 12 |
---------------+-------------------------------------+-----
Long Blades    | 3 5 7 9 10 12 14 15 17 19 21 | 21.8
Dodging        | 1 2 4 5 6 7 9 10 11 13 15 | 15.0
Shields        | 4 6 7 8 9 10 12 13 15 16 | 16.5
Fighting       | 4 6 7 8 9 10 12 13 15 16 | 16.4
Armour         | 4 6 7 8 9 10 12 13 14 16 | 16.4

Action                   |  1- 3 |  4- 6 |  7- 9 | 10-12 || total
-------------------------+-------+-------+-------+-------++-------
Melee: Long sword        |    36 |    39 |    42 |       ||   117
       Headbutt          |     7 |     5 |    23 |   100 ||   135
       Scimitar          |       |       |    51 |   326 ||   377
Invok: Call Merchant     |       |       |       |     4 ||     4
       Potion Petition   |       |       |       |     1 ||     1
  Use: Potion            |       |       |     4 |     9 ||    13
       Scroll            |       |       |       |     2 ||     2
 Stab: Distracted        |       |       |       |     3 ||     3
       Petrified         |       |       |       |     2 ||     2
  Eat: Ration            |       |       |     1 |     2 ||     3
Armor: Scale mail        |    10 |       |       |       ||    10
       Plate armour      |       |    14 |    27 |    90 ||   131
Dodge: Dodged            |     9 |     6 |    19 |    94 ||   128
Block: Shield            |    13 |    16 |    42 |   153 ||   224
       Reflection        |       |       |       |     3 ||     3
       Rpst.: Long sword |     3 |     2 |     1 |       ||     6
       Scimitar          |       |       |     1 |    25 ||    26

Table legend:
 A = Non-vault XP
 B = Vault XP
 C = Vault XP percentage of total XP
 D = Non-vault monster count
 E = Vault monster count
 F = Vault count percentage of total count
                 A         B        C        D         E       F
            +---------+---------+-------+---------+---------+-------
      Total |       0 |   37161 | 100.0 |       0 |     111 | 100.0
            +---------+---------+-------+---------+---------+-------
          D |       0 |   37161 | 100.0 |       0 |     111 | 100.0
            +---------+---------+-------+---------+---------+-------
